 Dungeon Sprint DCSS version 0.17-a0-1910-g4c791fa (webtiles) character file.

1483 Ordine the Grappler (level 8, 0/97 HPs)
             Began as a Troll Berserker on Sept 26, 2015.
             Was an Elder of Trog.
             Slain by a demonic crawler (3 damage)
             ... in the Dungeon (Sprint I: "Red Sonja").
             The game lasted 00:04:41 (278 turns).

Ordine the Grappler (Troll Berserker)                Turns: 278, Time: 00:04:41

Health: 0/97       AC:  5    Str: 26    XL:     8   Next: 50%
Magic:  7/7        EV: 10    Int:  3    God:    Trog [****..]
Gold:   216        SH:  0    Dex: 11    Spells: 0 memorised, 7 levels left

rFire  . . .     SeeInvis .       - Unarmed
rCold  . . .     Clarity  .     a - +0 animal skin
rNeg   . . .     SustAt   .     (no shield)
rPois  .         Gourm    +     (helmet restricted)
rElec  .         Spirit   .     (no cloak)
rCorr  .         Warding  .     (gloves unavailable)
rMut   .         NoTele   +     (boots unavailable)
MR     .....                    (no amulet)
Stlth  +.........               (no ring)
                                (no ring)

@: exhausted, slowed, very slow, not resistant to hostile enchantments, very
unstealthy
A: unfitting armour, claws 3, fast metabolism 3, gourmand, regeneration 2,
shaggy fur 1, tough skin 2
a: Burn Spellbooks, Berserk, Trog's Hand, Brothers in Arms, Renounce Religion


You were in the Dungeon.
You worshipped Trog.
Trog was greatly pleased with you.
You were very hungry.

You visited 1 branch You collected 216 gold pieces.

Inventory:

Armour
 a - a +0 animal skin (worn)
Scrolls
 h - a scroll of blinking
Potions
 c - a potion of curing
 e - a potion of haste
 f - 2 potions of magic
 g - a potion of berserk rage
Comestibles
 b - 2 bread rations


   Skills:
 * Level 11.3 Fighting
 - Level 2.4 Dodging
 * Level 13.6 Unarmed Combat


You had 7 spell levels left.
You didn't know any spells.

Dungeon Overview and Level Annotations

Branches:
Dungeon (1/1)

Altars:
Cheibriados
Dithmenos
Fedhas
Jiyva


Innate Abilities, Weirdness & Mutations

You are too large for most types of armour.
You have claws for hands.
Your metabolism is lightning-fast.
You like to eat raw meat.
You heal very quickly.
You are covered in fur (AC +1).
You have very tough skin (AC +2).


Message History

You feel a strong urge to attack something.
Things that are here:
a dagger; a robe You are no longer berserk.
You are exhausted.
You feel yourself slow down.
You are feeling very hungry.
There is an open door, spattered with blood here.
Drink which item? (? for menu, Esc to quit)
You feel much better.
The demonic crawler hits you but does no damage.
The demonic crawler hits you.
* * * LOW HITPOINT WARNING * * *
The demonic crawler hits you but does no damage.
You barely miss the demonic crawler. The demonic crawler hits you!
* * * LOW HITPOINT WARNING * * *
The demonic crawler hits you!
* * * LOW HITPOINT WARNING * * *
The demonic crawler hits you.
You die...

#####################
.)..#..'..#__#..@ss.#
.#..').#..'^.'..#)..##+#
###+#####+#__####...'..#
#### #####..+ ##


You could see 2 demonic crawlers.

Vanquished Creatures
  2 kobold demonologists (D)
  2 demonic crawlers (D)
  A slime creature (D)
  Sigmund (D)
  An ogre (D)
  Ijyb (D)
  A giant eyeball (D)
9 creatures vanquished.

Notes
Turn   | Place    | Note
--------------------------------------------------------------
     0 | D        | Ordine the Troll Berserker began the quest for the Orb.
     0 | D        | Reached XP level 1. HP: 22/22 MP: 0/0
     2 | D        | Noticed Ijyb
     5 | D        | Killed Ijyb
     5 | D        | Reached skill level 4 in Fighting
     5 | D        | Reached skill level 5 in Unarmed Combat
     5 | D        | Reached XP level 2. HP: 32/32 MP: 1/1
     9 | D        | Noticed an ogre
    15 | D        | Killed an ogre
    15 | D        | Acquired Trog's second power
    15 | D        | Reached skill level 5 in Fighting
    15 | D        | Reached skill level 7 in Unarmed Combat
    15 | D        | Reached XP level 3. HP: 7/44 MP: 2/2
    15 | D        | Reached XP level 4. HP: 8/52 MP: 3/3
    58 | D        | Noticed Sigmund
    66 | D        | Killed Sigmund
    66 | D        | Reached skill level 9 in Unarmed Combat
    66 | D        | Reached XP level 5. HP: 63/63 MP: 4/4
   115 | D        | Found a snail-covered altar of Cheibriados.
   115 | D        | Found a viscous altar of Jiyva.
   115 | D        | Found a shadowy altar of Dithmenos.
   115 | D        | Found a blossoming altar of Fedhas.
   115 | D        | Noticed a slime creature
   123 | D        | Killed a slime creature
   123 | D        | Reached skill level 10 in Unarmed Combat
   123 | D        | Reached XP level 6. HP: 12/75 MP: 5/5
   146 | D        | Noticed a kobold demonologist
   147 | D        | Noticed a kobold demonologist
   148 | D        | Paralysed by a giant eyeball for 3 turns
   154 | D        | Noticed a blue devil
   157 | D        | Killed a kobold demonologist
   157 | D        | Reached skill level 11 in Unarmed Combat
   157 | D        | Reached XP level 7. HP: 33/84 MP: 6/6
   158 | D        | Reached skill level 10 in Fighting
   158 | D        | Reached skill level 12 in Unarmed Combat
   160 | D        | Killed a kobold demonologist
   160 | D        | Acquired Trog's third power
   259 | D        | Noticed a demonic crawler
   259 | D        | Noticed a demonic crawler
   259 | D        | Noticed a demonic crawler
   259 | D        | Noticed a demonic crawler
   266 | D        | Killed a demonic crawler
   266 | D        | Reached skill level 13 in Unarmed Combat
   266 | D        | Reached XP level 8. HP: 67/96 MP: 7/7
   272 | D        | Killed a demonic crawler
   273 | D        | HP: 1/145 [demonic crawler (8)]
   278 | D        | HP: 3/97 [demonic crawler (9)]
   278 | D        | Slain by a demonic crawler

Vault maps used:
D:        dungeon_sprint_1

Action                   |  1- 3 |  4- 6 |  7- 9 || total
-------------------------+-------+-------+-------++-------
Melee: Unarmed           |     6 |    18 |    17 ||    41
Invok: Berserk           |     1 |     2 |     1 ||     4
       Trog's Hand       |       |     1 |       ||     1
  Use: Potion            |       |       |     1 ||     1
  Eat: Chunk             |       |       |     3 ||     3
